 Dungeon Sprint DCSS version 0.24.0-123-gd5b16e6ec5 (webtiles) character file.

Game seed: 15983275361869820659, levelgen mode: deterministic

72 McKennaii the Poker (level 4, -17/39 HPs)
             Began as a Demonspawn Fighter on Jan 13, 2020.
             Was an Initiate of Cheibriados.
             Demolished by a two-headed ogre
             ... wielding a +0 giant spiked club
              (32 damage)
             ... in the Dungeon (Sprint IX: "|||||||||||||||||||||||||||||").
             The game lasted 00:01:54 (480 turns).

McKennaii the Poker (Demonspawn Fighter)             Turns: 480, Time: 00:01:54

Health: -17/39     AC: 10    Str: 18    XL:     4   Next: 7%
Magic:  4/4        EV:  9    Int: 14    God:    Cheibriados [......]
Gold:   0          SH:  0    Dex: 16    Spells: 3/3 levels left

rFire    . . .     SeeInvis .   p - +2 halberd (freeze)
rCold    . . .     Gourm    .   (shield currently unavailable)
rNeg     . . .     Faith    .   b - +0 scale mail
rPois    .         Spirit   .   q - +0 helmet
rElec    .         Reflect  .   r - +0 cloak
rCorr    .         Harm     .   (no gloves)
MR       .....     NoTele   +   (no boots)
Stlth    ..........             (no amulet)
HPRegen  0.13/turn              s - +3 ring of intelligence
MPRegen  0.09/turn              t - +3 ring of dexterity

@: slow
A: rugged brown scales 1
a: Bend Time, Renounce Religion


You were in the Dungeon.
You worshipped Cheibriados.
Cheibriados was noncommittal.
You were not hungry.

You visited 1 branch

Inventory:

Hand Weapons
 a - a +0 trident
 p - a +2 halberd of freezing (weapon)
Armour
 b - a +0 scale mail (worn)
 c - a +0 shield
 q - a +0 helmet (worn)
 r - a +0 cloak (worn)
Jewellery
 s - a +3 ring of intelligence (left hand)
 t - a +3 ring of dexterity (right hand)
Wands
 o - a wand of acid (10)
Scrolls
 k - 2 scrolls of blinking
 m - 3 scrolls of remove curse
 n - 2 scrolls of amnesia
Potions
 d - a potion of might
 e - 5 potions of curing
 g - 3 potions of heal wounds
 h - a potion of haste
 i - 4 potions of magic
 j - a potion of berserk rage
 l - a potion of invisibility
Comestibles
 f - a ration


   Skills:
 + Level 4.6 Fighting
 * Level 5.3 Polearms
 + Level 3.9 Armour
 + Level 0.1 Dodging
 + Level 3.9 Shields


You had 3 spell levels left.
You didn't know any spells.
Your spell library was empty.

Dungeon Overview and Level Annotations

Branches:
Dungeon (1/1)

Altars:
Cheibriados
Dithmenos
Elyvilon
Fedhas
Gozag
Hepliaklqana
Kikubaaqudgha
Makhleb
Nemelex Xobeh
Okawaru
Qazlal
Ru
Sif Muna
Trog
Uskayaw
Vehumet
Wu Jian
Xom
Yredelemnul
Zin
The Shining One
Beogh
Jiyva
Lugonu


Innate Abilities, Weirdness & Mutations

You are partially covered in rugged brown scales. (AC +1, +3% HP)


Message History

There is an open door to the Dungeon here.
Unknown command.
Attack whom?
Press: ? - help, Dir - move target cursor, f - two-headed ogre
Aim: a two-headed ogre, wielding two +0 giant spiked clubs The centaur is in the way.
You hit the centaur. You freeze the centaur.
The centaur is lightly wounded.
The centaur misses you.
Unknown command.
You closely miss the two-headed ogre.
Unknown command.
You barely miss the two-headed ogre.
The two-headed ogre hits you with a +0 giant spiked club!!
Ouch! That really hurt!
The two-headed ogre hits you with a +0 giant spiked club.
Unknown command.
You barely miss the two-headed ogre.
The two-headed ogre hits you with a +0 giant spiked club!!
Ouch! That really hurt!
You die... ▓▓▓▓▓▓▓▓▓▓▓▓▓▓▓▓▓▓▓▓▓▓▓▓ +loOFcO@(.[..)|..'______ ▓▓▓▓▓▓▓▓▓▓▓▓▓▓▓▓▓▓▓▓▓▓▓▓

You could see a two-headed ogre, an ogre, a bullfrog, a centaur, an iguana and an orc.

Vanquished Creatures
  A crimson imp (D)
  An iguana (D)
  A shadow imp (D)
  A giant cockroach (D)
  A hobgoblin (D)
  A kobold (D)
  A frilled lizard (D)
  A goblin (D)
  2 rats (D)
10 creatures vanquished.

Vanquished Creatures (others)
  A spatial maelstrom (D)
1 creature vanquished.

Grand Total: 11 creatures vanquished

Notes
Turn   | Place    | Note
-------+----------+-------------------------------------------
     0 | D        | McKennaii the Demonspawn Fighter began the quest for the
                  | Orb.
     0 | D        | Reached XP level 1. HP: 18/18 MP: 1/1
     9 | D        | Reached skill level 2 in Polearms
    18 | D        | Banished a spatial maelstrom
    66 | D        | Noticed a crimson imp
    66 | D        | Noticed an iguana
    76 | D        | Killed an iguana
    76 | D        | Reached skill level 3 in Polearms
    76 | D        | Gained mutation: You are partially covered in rugged brown
                  | scales. (AC +1, +3% HP) [demonic ancestry]
    76 | D        | Reached XP level 2. HP: 10/25 MP: 2/2
    76 | D        | Reached XP level 3. HP: 12/30 MP: 3/3
    82 | D        | Reached skill level 4 in Polearms
   113 | D        | HP: 1/31 [crimson imp (3)]
   128 | D        | Reached skill level 5 in Polearms
   128 | D        | Reached XP level 4. HP: 3/39 MP: 4/4
   401 | D        | Found a roughly hewn altar of Beogh.
   401 | D        | Found a snail-covered altar of Cheibriados.
   401 | D        | Found a shadowy altar of Dithmenos.
   401 | D        | Found a white marble altar of Elyvilon.
   401 | D        | Found a blossoming altar of Fedhas.
   401 | D        | Found an opulent altar of Gozag.
   402 | D        | Found a hazy altar of Hepliaklqana.
   403 | D        | Found a viscous altar of Jiyva.
   404 | D        | Found an ancient bone altar of Kikubaaqudgha.
   405 | D        | Became a worshipper of Cheibriados the Contemplative
   406 | D        | Found a corrupted altar of Lugonu.
   407 | D        | Found a burning altar of Makhleb.
   408 | D        | Found a sparkling altar of Nemelex Xobeh.
   409 | D        | Found an iron altar of Okawaru.
   410 | D        | Found a stormy altar of Qazlal.
   411 | D        | Found a sacrificial altar of Ru.
   412 | D        | Found a shimmering blue altar of Sif Muna.
   413 | D        | Found a bloodstained altar of Trog.
   414 | D        | Found a hide-covered altar of Uskayaw.
   415 | D        | Found a radiant altar of Vehumet.
   416 | D        | Found an ornate altar of the Wu Jian Council.
   417 | D        | Found a shimmering altar of Xom.
   418 | D        | Found a basalt altar of Yredelemnul.
   419 | D        | Found a glowing silver altar of Zin.
   420 | D        | Found a glowing golden altar of the Shining One.
   475 | D        | Noticed an ogre
   475 | D        | Noticed a two-headed ogre
   475 | D        | Noticed a bullfrog
   475 | D        | Noticed a centaur
   480 | D        | Demolished by a two-headed ogre

Levels and vault maps discovered:
D:        linesprint [early_d, line_temple, items_1, d_10, items_2, lair_1,
          lair_end, items_3, orc_1, orc_end, items_4, d_15, swamp_1, shoals_1,
          snake_1, spider_1, d_20, vaults_1, items_5, swamp_end, shoals_end,
          snake_end, spider_end, vaults_end, d_27, items_6, zot_1, zot_end,
          crypt_end, forest_end, elf_end, slime_end, tomb_end, abyss_end,
          pan_hell_end]

Skill      XL: |  1  2  3 |
---------------+----------+-----
Polearms       | 3 5 |  5.3
Armour         | 3 |  3.9
Shields        | 3 |  3.9
Fighting       | 4 |  4.6
Dodging        | |  0.1

Action                   |  1- 3 |  4- 6 || total
-------------------------+-------+-------++-------
Melee: Trident           |    72 |       ||    72
       Halberd           |       |     4 ||     4
Armor: Scale mail        |    17 |     1 ||    18
Dodge: Dodged            |    15 |     2 ||    17
Block: Shield            |    26 |       ||    26
